 Dungeon Crawl Stone Soup version 0.30-a0-223-gcb0039aa0c (webtiles) character file.

Game seed: 11595243455116793252

127 qw the Chopper (level 5, 0/32 HPs)
             Began as a Gargoyle Fighter on Oct 9, 2022.
             Slain by a gnoll
             ... wielding a +0 whip
              (7 damage)
             ... on level 3 of the Dungeon.
             The game lasted 00:00:56 (2174 turns).

qw the Chopper (Gargoyle Fighter)                   Turns: 2174, Time: 00:00:57

Health: 0/32       AC: 12    Str: 21    XL:     5   Next: 11%
Magic:  5/5        EV:  9    Int:  9    God:
Gold:   65         SH:  4    Dex:  9    Spells: 4/4 levels left

rFire   . . .      SeeInvis .    Y - +0 war axe
rCold   . . .      Faith    .    c - +0 buckler
rNeg    + . .      Spirit   .    b - +0 scale mail
rPois   inf        Reflect  .    (no helmet)
rElec   +          Harm     .    (no cloak)
rCorr   .          Rampage  .    f - +0 pair of gloves
Will    .....                    (no boots)
Stlth   ..........               (no amulet)
HPRegen 0.25/turn                (no ring)
MPRegen 0.09/turn                (no ring)

@: no status effects
A: sickness immunity, AC +4, negative energy resistance 1, electricity
resistance, torment resistance 1, petrification resistance
a: no special abilities


You were on level 3 of the Dungeon.
You visited 1 branch of the dungeon, and saw 3 of its levels.

You collected 117 gold pieces.
You spent 52 gold pieces at shops.


Innate Abilities, Weirdness & Mutations

You are immune to sickness and miasma.
Your stone body is resilient. (AC +4)
You are immune to poison.
You resist negative energy. (rN+)
You are resistant to electric shocks. (rElec)
You are resistant to unholy torment.
You are immune to petrification.


   Skills:
 - Level 3.2 Fighting
 + Level 4.6 Axes
 - Level 3.2 Armour
 - Level 3.2 Shields


You had 4 spell levels left.
You didn't know any spells.
Your spell library was empty.

Inventory:

Hand Weapons
 a - a +0 flail
 Y - a +0 war axe (weapon)
Armour
 b - a +0 scale mail (worn)
 c - a +0 buckler (worn)
 f - a +0 pair of gloves (worn)
 g - a +0 chain mail
Scrolls
 h - a scroll of butterflies {unknown}
Potions
 d - a potion of might
 e - a potion of degeneration {unknown}
 i - a potion of invisibility {unknown}
 j - a potion of mutation {unknown}
 l - a potion of curing

Dungeon Overview and Level Annotations

Branches:
Dungeon (3/15)

Altars:

Shops:
D:2 *


Message History

The gnoll hits you with a +0 spear.
Things that are here:
a +2 whip of distortion; a gnoll corpse You barely miss the gnoll.
You block the gnoll's attack.
You hit the gnoll but do no damage. The gnoll hits you with a +0 spear.
The gnoll hits you but does no damage.
You barely miss the gnoll. The gnoll hits you with a +0 spear.
You barely miss the gnoll. The gnoll hits you but does no damage.
You barely miss the gnoll. The gnoll hits you with a +0 spear.
You slash the gnoll!
You kill the gnoll!
The gnoll hits you with a +0 whip!
You barely miss the gnoll. You block the gnoll's attack.
You hit the gnoll.
The gnoll is lightly wounded.
The gnoll hits you but does no damage.
You closely miss the gnoll.
The gnoll is lightly wounded.
The gnoll hits you with a +0 whip. The gnoll hits you but does no damage.
You closely miss the gnoll.
The gnoll is lightly wounded.
You block the gnoll's attack.
You closely miss the gnoll.
The gnoll is lightly wounded.
The gnoll hits you but does no damage.
You hit the gnoll but do no damage.
The gnoll is lightly wounded.
The gnoll hits you with a +0 whip. x2
You hit the gnoll.
The gnoll is lightly wounded.
The gnoll closely misses you.
You barely miss the gnoll.
The gnoll is lightly wounded.
The gnoll hits you with a +0 whip!
You die...

##########
#.@g.....+
#.########
#....#
####..#.#####
#.....#'#...#
##.##........#
....+........#
#.##.#........#
#...)...####+###


You could see a gnoll.

Vanquished Creatures
  An orc wizard (D:3)
  2 gnolls (D:3)
  2 dart slugs (D:1)
  9 orcs
  4 endoplasms
  4 giant cockroaches
  4 goblins
  3 hobgoblins
  3 jackals (D:2)
  9 kobolds
  2 quokkas
  10 ball pythons
  4 bats
  2 frilled lizards (D:1)
  6 rats
65 creatures vanquished.

Vanquished Creatures (others)
  A fungus (D:1)
  A plant (D:1)
2 creatures vanquished.

Grand Total: 67 creatures vanquished

Notes
Turn   | Place    | Note
-------+----------+-------------------------------------------
     0 | D:1      | qw the Gargoyle Fighter began the quest for the Orb.
     0 | D:1      | Reached XP level 1. HP: 14/14 MP: 1/1
     0 | D:1      | 0 ||| qw: Version: 0.2-a-17-g06abaee
     0 | D:1      | 0 ||| qw: Game counter: 2251
     0 | D:1      | 0 ||| qw: Always use a shield: true
     0 | D:1      | 0 ||| qw: God list: Okawaru
     0 | D:1      | 0 ||| qw: Allow faded altars: false
     0 | D:1      | 0 ||| qw: Do Orc after D:15 true
     0 | D:1      | 0 ||| qw: Do second Lair branch before Depths: true
     0 | D:1      | 0 ||| qw: Lair rune preference: random
     0 | D:1      | 0 ||| qw: Plans: Normal, Zot:1-4, God:TSO, Crypt, Tomb,
                  | Pan, Slime:5, Hells, Abyss, Orb
     0 | D:1      | 0 ||| PLANNING D:1-11
    16 | D:1      | 16 ||| Stepping ~*~*~tactically~*~*~ (stealth).
    20 | D:1      | 20 ||| Stepping ~*~*~tactically~*~*~ (stealth).
    21 | D:1      | 21 ||| Stepping ~*~*~tactically~*~*~ (stealth).
    23 | D:1      | 23 ||| Stepping ~*~*~tactically~*~*~ (stealth).
    25 | D:1      | 25 ||| Stepping ~*~*~tactically~*~*~ (hiding).
    31 | D:1      | Reached skill level 2 in Axes
    57 | D:1      | Reached XP level 2. HP: 19/19 MP: 2/2
   174 | D:1      | Reached skill level 3 in Axes
   219 | D:1      | Reached XP level 3. HP: 23/23 MP: 3/3
   257 | D:1      | 257 ||| Stepping ~*~*~tactically~*~*~ (stealth).
   276 | D:1      | 276 ||| DROPPING +0 club.
   277 | D:1      | Found a faded altar of an unknown god.
   409 | D:1      | 409 ||| Stepping ~*~*~tactically~*~*~ (stealth).
   653 | D:1      | 653 ||| UPGRADING to +0 pair of gloves.
   658 | D:1      | 658 ||| READING scroll labelled WEPYEGRAENO.
   759 | D:1      | 759 ||| READING scroll labelled GEOLUCV BOPLING.
   760 | D:1      | 760 ||| DRINKING 2 clear potions.
  1462 | D:2      | Reached XP level 4. HP: 28/28 MP: 4/4
  1829 | D:2      | Found Lunuluus's Assorted Antiques.
  1832 | D:2      | 1832 ||| SHOPLISTING 2 potions of curing (156 gold, have
                  | 74).
  1832 | D:2      | 1832 ||| SHOPLISTING brightly glowing scale mail (234 gold,
                  | have 74).
  1832 | D:2      | 1832 ||| SHOPLISTING potion of curing (78 gold, have 74).
  1832 | D:2      | 1832 ||| BUYING scroll labelled ATHOIMNEOSH (26 gold).
  1832 | D:2      | Bought a scroll labelled ATHOIMNEOSH for 26 gold pieces
  1832 | D:2      | 1832 ||| BUYING scroll labelled KYOMAO CA COUF (26 gold).
  1832 | D:2      | Bought a scroll labelled KYOMAO CA COUF for 26 gold pieces
  1858 | D:2      | 1858 ||| READING scroll labelled USUMIUTUMM.
  1859 | D:2      | 1859 ||| READING scroll labelled JIETEI POBB.
  1860 | D:2      | 1860 ||| READING scroll labelled SUETASCHOSAE.
  1861 | D:2      | 1861 ||| READING scroll labelled SINTEEC DUTOD.
  1862 | D:2      | 1862 ||| READING scroll labelled ATHOIMNEOSH.
  1863 | D:2      | 1863 ||| READING scroll labelled KYOMAO CA COUF.
  1864 | D:2      | 1864 ||| DRINKING 2 metallic pink potions.
  1865 | D:2      | 1865 ||| DROPPING potion of flight.
  1895 | D:3      | 1895 ||| Stepping ~*~*~tactically~*~*~ (hiding).
  1905 | D:3      | Reached skill level 4 in Axes
  1906 | D:3      | 1906 ||| FLEEEEING.
  1907 | D:3      | 1907 ||| FLEEEEING.
  1908 | D:3      | 1908 ||| FLEEEEING.
  1911 | D:3      | 1911 ||| FLEEEEING.
  1912 | D:3      | 1912 ||| STAIRDANCE
  1979 | D:3      | 1979 ||| STAIRDANCE
  2035 | D:3      | 2035 ||| DROPPING +0 whip.
  2039 | D:3      | 2039 ||| Stepping ~*~*~tactically~*~*~ (stealth).
  2059 | D:3      | 2059 ||| Stepping ~*~*~tactically~*~*~ (stealth).
  2072 | D:3      | 2072 ||| Stepping ~*~*~tactically~*~*~ (hiding).
  2143 | D:3      | 2143 ||| Stepping ~*~*~tactically~*~*~ (stealth).
  2160 | D:3      | Reached XP level 5. HP: 28/32 MP: 5/5
  2172 | D:3      | HP: 7/32 [gnoll/+0 whip (2)]
  2174 | D:3      | Slain by a gnoll

Levels and vault maps discovered:
D:1:      dpeg_arrival_connections, layout_rooms,
          shapermc_ecumenical_altar_mp_ritualfount, lemuel_flame_loot_1
D:2:      layout_basic, serial_shops, nicolae_shop_behind_doors
D:3:      layout_basic

Skill      XL: |  1  2  3  4 |
---------------+-------------+-----
Axes           | 2 3 4 |  4.6
Fighting       | |  3.2
Armour         | |  3.2
Shields        | |  3.2

Action                   |  1- 3 |  4- 6 || total
-------------------------+-------+-------++-------
Melee: War axe           |   126 |    45 ||   171
  Use: Scroll            |     2 |     6 ||     8
       Potion            |     1 |     1 ||     2
Armor: Scale mail        |    71 |    21 ||    92
Dodge: Dodged            |    53 |     8 ||    61
Block: Buckler           |    19 |     9 ||    28

Table legend:
 A = Non-vault XP
 B = Vault XP
 C = Vault XP percentage of total XP
 D = Non-vault monster count
 E = Vault monster count
 F = Vault count percentage of total count
                 A         B        C        D         E       F
            +---------+---------+-------+---------+---------+-------
      Total |     182 |       0 |   0.0 |      65 |       0 |   0.0
            +---------+---------+-------+---------+---------+-------
        D:1 |      58 |       0 |   0.0 |      34 |       0 |   0.0
        D:2 |      31 |       0 |   0.0 |      17 |       0 |   0.0
        D:3 |      93 |       0 |   0.0 |      14 |       0 |   0.0
            +---------+---------+-------+---------+---------+-------
